 Dungeon Crawl Stone Soup version 0.17-a0-1572-g7a1422d (webtiles) character file.

71 karlkraus the Covered (level 4, 0/40 HPs)
             Began as a Minotaur Fighter on July 25, 2015.
             Succumbed to a goblin's poison
             ... on level 3 of the Dungeon.
             The game lasted 00:03:18 (1159 turns).

karlkraus the Covered (Minotaur Fighter)            Turns: 1159, Time: 00:03:18

Health: 0/40       AC:  9    Str: 26    XL:     4   Next: 5%
Magic:  3/3        EV:  6    Int:  5    God:
Gold:   108        SH: 10    Dex: 10    Spells: 0 memorised, 3 levels left

rFire  . . .     SeeInvis .     a - +0 flail
rCold  . . .     Clarity  .     h - +0 chain mail
rNeg   . . .     SustAt   .     c - +0 shield
rPois  .         Gourm    .     (helmet restricted)
rElec  .         Spirit   .     (no cloak)
rCorr  .         Warding  .     (no gloves)
rMut   .         Stasis   .     (no boots)
MR     .....                    (no amulet)
Stlth  ..........               (no ring)
                                (no ring)

@: mighty, lethally poisoned (0 -> -21), not resistant to hostile enchantments,
extremely unstealthy
A: retaliatory headbutt, horns 2
a: no special abilities


You were on level 3 of the Dungeon.
You were very hungry.

You visited 1 branch of the dungeon, and saw 3 of its levels.

You collected 108 gold pieces.

Inventory:

Hand weapons
 a - a +0 flail (weapon)
Armour
 c - a +0 shield (worn)
 h - a +0 chain mail (worn)
 p - a +2 leather armour of fire resistance
Scrolls
 f - a scroll of enchant armour {unknown}
 g - a scroll of recharging {unknown}
 i - 6 scrolls of identify {unknown}
 l - a scroll of magic mapping {unknown}
 n - a scroll of remove curse {unknown}
Potions
 b - a potion of flight {unknown}
 d - a potion of might
 k - a potion of cancellation {unknown}
 m - 2 potions of agility {unknown}
 o - 2 potions of curing {unknown}
 q - a potion of poison {unknown}
Books
 s - a book of the Warp

   Spells                             Type                      Level
   a - Recall                         Summoning/Translocation      3
   b - Gell's Gravitas                Hexes/Translocation          3
   c - Force Lance                    Conjuration/Translocation    4
   d - Phase Shift                    Translocation                5
   e - Warp Weapon                    Charms/Translocation         5
   f - Summon Forest                  Summoning/Translocation      5
Comestibles
 e - 2 bread rations
 j - 5 fruits
 r - a royal jelly


   Skills:
 + Level 4.0 Fighting
 + Level 3.2 Maces & Flails
 + Level 4.4 Armour
 + Level 0.7 Dodging
 + Level 4.3 Shields


You had 3 spell levels left.
You didn't know any spells.

Dungeon Overview and Level Annotations

Branches:
Dungeon (3/15)

Altars:

Annotations:
D:3 Robin


Innate Abilities, Weirdness & Mutations

You reflexively headbutt those who attack you in melee.
You have a pair of horns on your head.


Message History

You feel sick. You block the goblin's attack.
Robin says, "A pitiful Minotaur like you will never find the ORB!"
Robin throws the goblin at you! You block the goblin's attack.
You sock the goblin!
You kill the goblin!
* * * LOW HITPOINT WARNING * * *
You feel sick. The goblin hits you but does no damage.
You are more poisoned.
Robin throws the goblin at you!
You barely miss Robin. You headbutt Robin!
Robin is severely wounded.
* * * LOW HITPOINT WARNING * * *
You feel very sick. The goblin closely misses you. You furiously retaliate!
You headbutt the goblin.
You kill the goblin!
Robin hits you but does no damage.
Your shield and chain mail prevent you from hitting Robin.
Robin is severely wounded.
You die...

#....# #....# #....#
#....# #....# #
################....####
..
..........)...........).
...
......).######.##....###
.. #######@## #.##....#
####.#########g.#
#.##....#
......).....)g#.#
#.##....#
#.....)()(...#.#
#.##....#
#............#.#
#.##....#
..............#.#
#.##....#
..............#.# ######
.....##########.# .....
#.#


You could see Robin and a hobgoblin (frenzied).

Vanquished Creatures
  Ijyb (D:2)
  An ooze (D:1)
  2 giant cockroaches (D:2)
  3 hobgoblins
  6 jackals
  2 bats
  A giant newt (D:1)
  14 goblins
  A kobold (D:1)
  8 rats
39 creatures vanquished.

Notes
Turn   | Place    | Note
--------------------------------------------------------------
     0 | D:1      | karlkraus the Minotaur Fighter began the quest for the Orb.
     0 | D:1      | Reached XP level 1. HP: 19/19 MP: 0/0
   349 | D:1      | Reached XP level 2. HP: 25/27 MP: 1/1
   404 | D:1      | Reached skill level 4 in Armour
   723 | D:2      | Noticed Ijyb
   746 | D:2      | Killed Ijyb
   746 | D:2      | Reached XP level 3. HP: 30/33 MP: 2/2
  1093 | D:2      | You fall through a shaft!
  1136 | D:3      | Noticed Robin
  1151 | D:3      | Reached XP level 4. HP: 18/40 MP: 3/3
  1158 | D:3      | HP: 2/40 [poisoned by a goblin]
  1159 | D:3      | Succumbed to a goblin's poison

Vault maps used:
D:1:      minmay_arrival_widening_spiral_wide, serial_bayou_crossing
D:2:      roderic_lattice_a, minivault_5, nrook_mini_backslash, uniq_iyjb
D:3:      uniq_robin

Action                   |  1- 3 |  4- 6 || total
-------------------------+-------+-------++-------
Melee: Flail             |   124 |     3 ||   127
  Use: Potion            |       |     1 ||     1
